 Seeded DCSS version 0.31-a0-1616-gbeaec30 (webtiles) character file.

Game seed: 1732258547108120200 (custom seed)

39 lyrin the Firebug (level 3, -2/27 HPs)
             Began as a Ghoul Fire Elementalist on Jan 10, 2024.
             Slain by an adder (4 damage)
             ... on level 1 of the Dungeon.
             The game lasted 00:02:17 (1199 turns).

lyrin the Firebug (Ghoul Fire Elementalist)         Turns: 1199, Time: 00:02:18

Health: -2/27      AC:  3    Str: 13    XL:     3   Next: 47%
Magic:  5/5        EV: 12    Int: 14    God:
Gold:   82         SH:  0    Dex:  9    Spells: 4/5 levels left

rFire   . . .        h - +0 spear
rCold   + . .        (no shield)
rNeg    + + +        a - +0 robe
rPois   ∞            (no helmet)
rElec   .            (no cloak)
rCorr   .            i - +0 pair of gloves
SInv    .            (no boots)
Will    .....        (no amulet)
Stlth   ++           (no ring)
HPRegen 0.00/turn    (no ring)
MPRegen 0.09/turn

%: no passive effects
@: inhibited regen
A: claws 1, cold resistance 1, negative energy resistance 3, inhibited
regeneration, torment resistance 2, devour on kill
a: no special abilities


You were on level 1 of the Dungeon.
You visited 1 branch of the dungeon, and saw 2 of its levels.

You collected 82 gold pieces.

Inventory:

Hand Weapons
 c - a +0 club
 h - a +0 spear (weapon)
Armour
 a - a +0 robe (worn)
 i - a +0 pair of gloves (worn)
Scrolls
 d - a scroll of fear {unknown}
 g - 4 scrolls of identify {unknown}
 l - 3 scrolls of vulnerability {unknown}
Potions
 b - a potion of magic
 e - a potion of curing {unknown}
 f - 3 potions of heal wounds {unknown}
 j - a potion of berserk rage {unknown}
 k - a potion of attraction {unknown}
 m - a potion of brilliance {unknown}


   Skills:
 + Level 0.6 Fighting
 + Level 1.0 Polearms
 + Level 2.2 Dodging
 - Level 2.2 Stealth
 - Level 1.8 Spellcasting
 - Level 0.8 Conjurations
 - Level 3.0 Fire Magic


You had 4 spell levels left.
You knew the following spells:

 Your Spells              Type           Power      Damage    Failure   Level
a - Foxfire               Conj/Fire      24%        2x1d5     11%         1

Your spell library contained the following spells:

 Spells                   Type           Power      Damage    Failure   Level
 Scorch                   Fire           18%        2d5       11%         2
 Inner Flame              Hex/Fire       5%         N/A       36%         3
 Volatile Blastmotes      Fire/Tloc      10%        2d10      36%         3
 Flame Wave               Conj/Fire      6%         2d5       73%         4


Dungeon Overview and Level Annotations

Branches:
Dungeon (2/15)

Altars:


Innate Abilities, Weirdness & Mutations

You are immune to poison.
You have sharp fingernails.
Your flesh is cold resistant. (rC+)
You are immune to negative energy. (rN+++)
You do not regenerate when monsters are visible.
You are immune to unholy pain and torment.
You thrive by killing the living.


Message History

The jackal bites you but does no damage.
The adder barely misses you. The jackal bites you.
Unknown command.
You miss the adder.
The adder is severely wounded.
The adder barely misses you. The jackal closely misses you.
You miss the adder.
The adder is severely wounded.
The adder barely misses you. The jackal closely misses you.
The adder bites you. The jackal barely misses you.
You closely miss the adder.
The adder is severely wounded.
The jackal barely misses you. The adder bites you.
You closely miss the adder.
The adder is severely wounded.
The jackal bites you but does no damage.
The adder misses you.
You closely miss the adder.
The adder is severely wounded.
The jackal bites you but does no damage.
The adder bites you but does no damage. The jackal closely misses you.
You hit the adder.
The adder is almost dead.
The adder bites you. The jackal barely misses you. The adder bites you.
* * * LOW HITPOINT WARNING * * *
Unknown command.
You closely miss the adder.
The adder is almost dead.
The jackal bites you.
* * * LOW HITPOINT WARNING * * *
The adder bites you.
* * * LOW HITPOINT WARNING * * *
The jackal bites you but does no damage.
You aren't carrying any items that you can evoke.
Unknown command.
You closely miss the adder.
The adder is almost dead.
The adder bites you but does no damage. The jackal barely misses you.
The adder bites you.
You die...

#.##.##....†..........######.#
#.#...#.########.....## #.#
#.).....# ##...## #.# ##....###
##...### ##.## #.#.##
#......#####.... #.###
#............... ###.####
#######.#######'###### #......#
#.....#.# #.# #.#.##.# #....@#.#
#####.##### #.#..#.# #...Sh#.#
#...'.'...# #.##.#.# #.....#.#
#.###.###.# #.##.#.# #.....#.#
#.# #.# #.#
#......######.#.).###'###.###'##
####..........###.'.............
#.......###.......###'###.###'##
#.##..#.# #.####..# #.# #.# #.#
#.##..#.###.####..# #.###.###.#


You could see an adder and a jackal.

Vanquished Creatures
  2 dart slugs (D:1)
  A bat (D:1)
  2 endoplasms (D:2)
  2 giant cockroaches (D:1)
  5 goblins (D:1)
  3 hobgoblins (D:1)
  7 jackals (D:1)
  A quokka (D:1)
  2 ball pythons (D:1)
  2 frilled lizards (D:1)
  4 rats
31 creatures vanquished.

Vanquished Creatures (others)
  11 foxfires (D:1)
11 creatures vanquished.

Grand Total: 42 creatures vanquished

Notes
Turn   | Place    | Note
-------+----------+-------------------------------------------
     0 | D:1      | lyrin the Ghoul Fire Elementalist began the quest for the
                  | Orb.
     0 | D:1      | Reached XP level 1. HP: 14/14 MP: 3/3
   149 | D:1      | Reached XP level 2. HP: 12/20 MP: 0/4
   375 | D:1      | Reached skill level 3 in Fire Magic
   601 | D:1      | Reached XP level 3. HP: 26/26 MP: 5/5
  1024 | D:1      | Reached skill level 1 in Polearms
  1199 | D:1      | Slain by an adder

Illustrated notes

Levels and vault maps discovered:
D:1:      dpeg_arrival_court, layout_loops_cross, minmay_door_square,
          nicolae_twisty_statue_hallways
D:2:      layout_basic

Skill      XL: |  1  2  3 |
---------------+----------+-----
Fire Magic     | 3 |  3.0
Dodging        | 2 |  2.2
Polearms       | 1 |  1.0
Fighting       | |  0.6
Stealth        | |  2.2
Spellcasting   | |  1.8
Conjurations   | |  0.8

Action                     || total
---------------------------++-------
  Melee: Spear             ||   127
   Cast: Foxfire           ||     6
   Stab: Sleeping          ||     7
 Armour: Robe              ||    79
  Dodge: Dodged            ||    96

Table legend: (Time is in decaauts)
 A = Elapsed time spent in this place.
 B = Non-inter-level travel time spent in this place.
 C = Inter-level travel time spent in this place.
 D = Time resting spent in this place.
 E = Time spent auto-exploring this place.
 F = Levels seen in this place.
 G = Mean time per level.
                   A        B        C        D        E       F      G
               +--------+--------+--------+--------+--------+-----+--------+
         Total |   1208 |   1145 |     63 |      0 |    799 |   2 |  604.0 |
       Dungeon |   1208 |   1145 |     63 |      0 |    799 |   2 |  604.0 |
               +--------+--------+--------+--------+--------+-----+--------+

Top non-repeatable levels by time:
     D:1: 1144 daAuts
     D:2: 63 daAuts
